 Dungeon Crawl Stone Soup version 0.29-a0-553-g81b289dbe5 (webtiles) character file.

Game seed: 9906967040226050299

27882 testman the Earth Mage (level 14, -10/115 HPs)
             Began as a Meteoran Wanderer on June 6, 2022.
             Was a High Priest of Vehumet.
             Mangled by a quicksilver ooze (14 damage)
             ... in an ice cave.
             The game lasted 01:51:19 (7696 turns).

testman the Earth Mage (Meteoran Wanderer)          Turns: 7696, Time: 01:51:20

Health: -10/115    AC: 10    Str: 12    XL:     14   Next: 6%
Magic:  1/29       EV: 12    Int: 20    God:    Vehumet [*****.]
Gold:   792        SH:  0    Dex: 15    Spells: 3/33 levels left

rFire   . . .      SeeInvis +   F - +1 dire flail (protect)
rCold   . . .      Faith    .   (shield currently unavailable)
rNeg    . . .      Spirit   .   L - +0 troll leather armour
rPois   .          Reflect  .   b - +1 helmet
rElec   .          Harm     .   h - +0 cloak
rCorr   .          Rampage  .   u - +0 pair of gloves
Will    +....                   T - +1 pair of boots
Stlth   +.........              Q - amulet of magic regeneration
HPRegen 1.09/turn               w - ring of see invisible
MPRegen 0.61/turn               (no ring)

@: mighty, engulfed (cannot breathe), glowing
A: sense surroundings 2, otherworldly, glowing, explore regen, screaming 1
a: Renounce Religion


You were in an ice cave.
You worshipped Vehumet.
Vehumet was extremely pleased with you.
You visited 3 branches of the dungeon, and saw 17 of its levels.
You also visited: Ice Cave.

You collected 792 gold pieces.

Inventory:

Hand Weapons
 F - a +1 dire flail of protection (weapon)
Missiles
 d - 69 stones
 j - 4 throwing nets
 m - a boomerang
 s - 9 poisoned darts
Armour
 b - a +1 helmet (worn)
 h - a +0 cloak (worn)
 u - a +0 pair of gloves (worn)
 L - a +0 troll leather armour (worn)
 T - a +1 pair of boots (worn)
Jewellery
 l - a ring of fire
 w - a ring of see invisible (left hand)
 z - an amulet of reflection
 Q - an amulet of magic regeneration (around neck)
Wands
 k - a wand of iceblast (11)
 p - a wand of charming (12)
 v - a wand of flame (22)
 B - a wand of acid (4)
 D - a wand of digging (11)
 H - a wand of paralysis (2)
Scrolls
 c - 3 scrolls of teleportation
 g - 2 scrolls of immolation
 n - a scroll of fog
 y - 5 scrolls of enchant weapon
 C - 2 scrolls of identify
 E - 4 scrolls of magic mapping
 I - 2 scrolls of vulnerability
 K - 2 scrolls of amnesia
 P - a scroll of poison
 S - a scroll of silence
Potions
 o - 7 potions of curing
 q - 6 potions of flight
 r - a potion of haste
 x - a potion of magic
 A - 2 potions of brilliance
 J - 2 potions of berserk rage
 M - a potion of resistance


   Skills:
 - Level 8.0 Fighting
 - Level 3.0 Staves
 - Level 1.2 Throwing
 - Level 2.4 Dodging
 - Level 10.0 Spellcasting
 + Level 9.7 Conjurations
 + Level 8.3 Hexes
 - Level 2.8 Translocations
 - Level 12.0 Transmutations
 - Level 15.3 Earth Magic


You had 3 spell levels left.
You knew the following spells:

 Your Spells              Type           Power      Damage    Failure   Level
a - Sandblast             Erth           100%       2d20      0%          1
b - Stone Arrow           Conj/Erth      100%       3d13      1%          3
c - Blink                 Tloc           42%        N/A       4%          2
d - Petrify               Tmut/Erth      59%        N/A       1%          4
e - Statue Form           Tmut/Erth      39%        N/A       4%          6
f - Lee's Rapid Deconstr  Erth           31%        3d17*     1%          5
g - Fulminant Prism       Conj/Hex       23%        3d13      1%          4
h - Yara's Violent Unrav  Hex/Tmut       25%        3d11      1%          5

Your spell library contained the following spells:

 Spells                   Type           Power      Damage    Failure   Level
 Confusing Touch          Hex            43%        N/A       1%          3
 Poisonous Vapours        Pois/Air       20%        N/A       3%          2
 Gell's Gravitas          Tloc           21%        N/A       9%          3
 Lesser Beckoning         Tloc           21%        N/A       9%          3
 Teleport Other           Tloc           21%        N/A       9%          3
 Metabolic Englaciation   Hex/Ice        13%        N/A       41%         5
 Manifold Assault         Tloc           21%        N/A       61%         5
 Corpse Rot               Necr/Pois/Air  10%        N/A       65%         4
 Enfeeble                 Hex            21%        N/A       94%         7
 Dispersal                Tloc           10%        N/A       99%         6


Dungeon Overview and Level Annotations

Branches:
Dungeon (12/15)            Temple (1/1) D:4            Lair (4/6) D:8
  Swamp (0/4) Lair:3        Snake (0/4) Lair:2          Orc (0/2) D:10
  IceCv (1/1)

Altars:
Ashenzari
Cheibriados
Dithmenos
Elyvilon
Fedhas
Gozag
Hepliaklqana
Kikubaaqudgha
Makhleb
Nemelex Xobeh
Okawaru
Qazlal
Ru
Trog
Uskayaw
Vehumet
Wu Jian
Xom
Yredelemnul
The Shining One
Beogh


Innate Abilities, Weirdness & Mutations

You passively map the area around you.
You are easily found by Zot.
You glow in the dark.
You regain HP and MP as you explore.
You occasionally shout uncontrollably at your foes.


Message History

The puff of flame hits the quicksilver ooze!
The quicksilver ooze is heavily wounded.
You feel much better.
You feel very mighty all of a sudden. The quicksilver ooze hits you.
The quicksilver ooze engulfs you! The quicksilver ooze barely misses you.
You cannot cast spells while unable to breathe!
Unknown command.
You cannot cast spells while unable to breathe!
You cannot cast spells while unable to breathe!
You slip free of the ooze engulfing you.
The quicksilver ooze attacks as you move away!
The quicksilver ooze hits you!! The quicksilver ooze hits you.
You feel your power leaking away.
You gasp with relief as air once again reaches your lungs.
The quicksilver ooze misses you. The quicksilver ooze hits you!
* * * LOW HITPOINT WARNING * * *
You feel your power leaking away.
Okay, then.
Throw: 2 boomerangs (disperse)
Press: ? - help, Shift-Dir - straight line, f/p - quicksilver ooze
Aim: a quicksilver ooze (heavily wounded, 46% to hit)
You throw a boomerang of dispersal.
The boomerang of dispersal barely misses the quicksilver ooze.
The quicksilver ooze barely misses you.
The quicksilver ooze hits you but does no damage.
The quicksilver ooze hits you!
* * * LOW HITPOINT WARNING * * *
The quicksilver ooze engulfs you! The quicksilver ooze hits you.
* * * LOW HITPOINT WARNING * * *
Throw: boomerang (disperse)
Press: ? - help, Shift-Dir - straight line, f/p - quicksilver ooze
Aim: a quicksilver ooze (heavily wounded, 46% to hit)
You throw a boomerang of dispersal.
The boomerang of dispersal misses the quicksilver ooze.
* * * LOW HITPOINT WARNING * * *
Your lungs strain for air!
The quicksilver ooze hits you. The quicksilver ooze barely misses you.
The quicksilver ooze hits you!
You die...

#...##..#
##..##..## * ,
#..##...# *
##..#...## * ,
#..##...# , *
#..#....#,, ,
##J.#..#.., ,,
#J.##.##...*,,
, ### #@.#..
#..## ,*
##.####.##..
#..# * ,**
#...##..#...*
.## ,,*
#∩∩.....#, *
#...##..# , *
,, ##.####.#*
*, ### #..#, *
, ** #..# , ,
* , ##.# * *


You could see a slime creature (corroded) and a quicksilver ooze.

Vanquished Creatures
  2 hydras
  2 two-headed ogres (D:9)
  Pikel (D:4)
  An orc knight (D:9)
  6 black mambas
  2 ice statues (IceCv)
  6 cane toads
  6 rime drakes
  4 komodo dragons
  A troll (D:10)
  2 tyrant leeches (Lair:3)
  A hornet (D:9)
  9 blink frogs
  13 slime creatures
  28 yaks
  A wraith (D:11)
  4 wyverns
  A basilisk (Lair:1)
  A steam dragon (Lair:3)
  Eustachio (D:5)
  4 vampire mosquitoes
  A naga (Lair:2)
  A swamp worm (Lair:3)
  A demonic crawler simulacrum (IceCv)
  8 water moccasins
  5 orc warriors (D:10)
  3 black bears
  A sky beast (D:7)
  An ugly thing simulacrum (IceCv)
  12 wolves (Lair:1)
  2 ogres
  10 centaurs
  3 kobold brigands
  8 bullfrogs
  A glowing shapeshifter simulacrum (IceCv)
  2 scorpions
  9 wights
  An electric eel (D:6)
  12 howler monkeys
  8 orc priests
  A jelly (D:4)
  4 hounds
  2 gnoll shamans (D:9)
  Ijyb (D:5)
  4 iguanas
  Terence (D:3)
  5 orc wizards
  5 adders
  19 gnolls
  4 shadow imps
  A white imp (D:7)
  3 ufetubi
  3 dart slugs
  3 worms
  40 orcs
  3 ball pythons
  6 bats
  2 endoplasms (D:1)
  6 giant cockroaches
  2 goblins
  4 hobgoblins
  3 quokkas
  3 frilled lizards
  18 kobolds
  5 rats
333 creatures vanquished.

Vanquished Creatures (others)
  A yak (D:11)
  A demonic crawler simulacrum (IceCv)
  An ugly thing simulacrum (IceCv)
  11 fulminant prisms
  4 fungi
  16 plants
  7 toadstools (Lair:1)
41 creatures vanquished.

Grand Total: 374 creatures vanquished

Notes
Turn   | Place    | Note
-------+----------+-------------------------------------------
     0 | D:1      | testman the Meteoran Wanderer began the quest for the Orb.
     0 | D:1      | testman set off with the following items: a +2
                  | quarterstaff, a +0 helmet, a scroll of teleportation, 39
                  | stones, a +0 robe; and the following spell memorised:
                  | Sandblast; and the following spells available to memorise:
                  | Stone Arrow
     0 | D:1      | Reached XP level 1. HP: 17/17 MP: 3/3
    68 | D:1      | Reached XP level 2. HP: 21/24 MP: 2/5
    77 | D:1      | Reached skill level 3 in Earth Magic
   154 | D:2      | Reached XP level 3. HP: 29/29 MP: 4/7
   279 | D:2      | Reached XP level 4. HP: 36/36 MP: 6/9
   294 | D:2      | Reached skill level 4 in Earth Magic
   467 | D:2      | Reached XP level 5. HP: 41/41 MP: 9/11
   484 | D:1      | Found a faded altar of an unknown god.
   717 | D:3      | Noticed Terence
   736 | D:3      | Killed Terence
   896 | D:3      | Learned a level 3 spell: Stone Arrow
   899 | D:3      | Learned a level 2 spell: Blink
  1129 | D:3      | Reached skill level 1 in Translocations
  1129 | D:3      | Reached skill level 5 in Earth Magic
  1129 | D:3      | Reached XP level 6. HP: 31/48 MP: 7/13
  1253 | D:4      | Noticed an ogre
  1257 | D:4      | Killed an ogre
  1275 | D:4      | Found a staircase to the Ecumenical Temple.
  1283 | D:4      | Reached XP level 7. HP: 51/55 MP: 9/14
  1288 | D:4      | Reached skill level 6 in Earth Magic
  1295 | D:4      | Noticed Pikel
  1296 | Temple   | Entered the Ecumenical Temple
  1364 | Temple   | Became a worshipper of Vehumet
  1384 | D:4      | Killed Pikel
  1385 | D:4      | Reached skill level 8 in Earth Magic
  1385 | D:4      | Reached XP level 8. HP: 25/61 MP: 4/15
  1437 | D:4      | Reached skill level 9 in Earth Magic
  1779 | D:5      | Entered Level 5 of the Dungeon
  1784 | D:5      | You fall into a shaft and drop 2 floors!
  1824 | D:7      | Learned a level 4 spell: Petrify
  1847 | D:5      | Noticed Ijyb
  1848 | D:5      | Noticed Eustachio
  1851 | D:5      | Killed Ijyb
  1872 | D:5      | Reached skill level 1 in Transmutations
  1937 | D:5      | Gained mutation: You occasionally shout uncontrollably at
                  | your foes. [potion of mutation]
  1951 | D:5      | Killed Eustachio
  2046 | D:5      | Gained mutation: You passively map the area around you.
                  | [Meteoran growth]
  2046 | D:5      | Reached XP level 9. HP: 59/69 MP: 11/16
  2077 | D:5      | Reached skill level 10 in Earth Magic
  2093 | D:5      | Reached * piety under Vehumet
  2093 | D:5      | Offered knowledge of Freeze by Vehumet.
  2170 | D:5      | Identified the +8 arbalest of the Omega Point {flame, rCorr
                  | Str-2 Dex+3}
  2204 | D:5      | Found a glowing golden altar of the Shining One.
  2245 | D:6      | Found a blossoming altar of Fedhas.
  2283 | D:6      | Reached skill level 5 in Transmutations
  2382 | D:6      | Found a sacrificial altar of Ru.
  2414 | D:6      | Found a white marble altar of Elyvilon.
  2480 | D:6      | Reached skill level 11 in Earth Magic
  2744 | D:7      | Reached XP level 10. HP: 77/77 MP: 11/17
  2767 | D:7      | Reached ** piety under Vehumet
  2803 | D:6      | Offered knowledge of Static Discharge by Vehumet.
  2840 | D:6      | Found an ornate altar of the Wu Jian Council.
  2840 | D:6      | Found a hazy altar of Hepliaklqana.
  2920 | D:7      | Found a hide-covered altar of Uskayaw.
  2920 | D:7      | Found a shadowy altar of Dithmenos.
  3119 | D:8      | Reached skill level 12 in Earth Magic
  3251 | D:8      | Found a staircase to the Lair.
  3414 | D:9      | Noticed a two-headed ogre
  3434 | D:9      | Killed a two-headed ogre
  3435 | D:9      | Reached skill level 13 in Earth Magic
  3443 | D:9      | Learned a level 6 spell: Statue Form
  3819 | D:9      | Offered knowledge of Mephitic Cloud by Vehumet.
  3827 | D:9      | Reached skill level 5 in Spellcasting
  3859 | D:9      | Noticed a two-headed ogre
  3869 | D:9      | Killed a two-headed ogre
  3869 | D:9      | Reached *** piety under Vehumet
  3870 | D:9      | Reached skill level 10 in Transmutations
  3870 | D:9      | Reached XP level 11. HP: 44/82 MP: 2/20
  3921 | D:10     | Entered Level 10 of the Dungeon
  3925 | D:10     | Found a staircase to the Orcish Mines.
  3925 | D:10     | Noticed an orc knight
  3949 | D:9      | Killed an orc knight
  4544 | D:10     | Offered knowledge of Dazzling Flash by Vehumet.
  4773 | D:10     | Reached skill level 14 in Earth Magic
  4945 | D:10     | Reached **** piety under Vehumet
  5024 | D:11     | Reached skill level 5 in Fighting
  5587 | D:12     | Reached XP level 12. HP: 74/94 MP: 8/24
  6181 | Lair:1   | Entered Level 1 of the Lair of Beasts
  6194 | Lair:1   | Offered knowledge of Lee's Rapid Deconstruction by Vehumet.
  6219 | D:8      | Learned a level 5 spell: Lee's Rapid Deconstruction
  6407 | Lair:1   | Reached skill level 1 in Conjurations
  6618 | Lair:1   | Reached skill level 15 in Earth Magic
  6777 | Lair:1   | Reached ***** piety under Vehumet
  6793 | Lair:2   | Offered knowledge of Fulminant Prism by Vehumet.
  6794 | Lair:2   | Reached XP level 13. HP: 105/105 MP: 23/27
  6799 | Lair:2   | Learned a level 4 spell: Fulminant Prism
  6812 | Lair:2   | Learned a level 5 spell: Yara's Violent Unravelling
  6916 | Lair:2   | Reached skill level 1 in Hexes
  6917 | Lair:2   | Found a staircase to the Snake Pit.
  7007 | Lair:2   | Reached skill level 5 in Conjurations
  7012 | Lair:2   | Noticed a four-headed hydra
  7020 | Lair:2   | Killed a four-headed hydra
  7021 | Lair:2   | Reached skill level 10 in Spellcasting
  7083 | Lair:2   | Noticed a seven-headed hydra
  7242 | Lair:3   | Reached skill level 5 in Hexes
  7420 | Lair:3   | Found a staircase to the Swamp.
  7467 | Lair:4   | Found a frozen archway.
  7477 | Lair:4   | Noticed an eight-headed hydra
  7483 | Lair:4   | Killed an eight-headed hydra
  7525 | IceCv    | Entered an ice cave
  7659 | IceCv    | Reached XP level 14. HP: 115/115 MP: 4/29
  7676 | IceCv    | Noticed a quicksilver ooze
  7696 | IceCv    | HP: 2/115 [drowned by a quicksilver ooze (7)]
  7696 | IceCv    | Mangled by a quicksilver ooze

Illustrated notes

Levels and vault maps discovered:
D:1:      lightli_arrival_lavapool, layout_basic,
          hellmonk_ecumenical_altar_arch_garden
D:2:      layout_rooms, serial_rivers, chequers_serial_rivers_room_a,
          chequers_serial_rivers_micro_a, chequers_serial_rivers_small_b,
          chequers_serial_rivers_large_b, chequers_serial_rivers_micro_b,
          chequers_serial_rivers_micro_a
D:3:      layout_basic, uniq_terence
D:4:      layout_basic, minmay_temple_entry_arrows,
          chequers_serial_rivers_small_3, uniq_pikel
D:5:      layout_cave_pools, tso_metal_star, zin_purify,
          kennysheep_orc_sif_temple, uniq_ijyb, uniq_eustachio
D:6:      layout_loops_cross, fedhas_ov_isle_minmay,
          mainiacjoe_overflow_six_doors_small, nicolae_elyvilon_temple_path,
          gammafunk_temple_overflow_statue
D:7:      layout_rooms, gammafunk_temple_overflow_wave, lemuel_flame_loot_1
D:8:      layout_cave_pools, lair_entry_dummy
D:9:      layout_basic
D:10:     layout_roguey, david_orc_5
D:11:     layout_basic
D:12:     layout_loops_ring
Temple:   nicolae_temple_x_marks_the_god
Lair:1:   gammafunk_lair_enchanted_lake, layout_long_grid, serial_bayou_shore_b,
          grunt_megastairs_2, lemuel_fruit_fields
Lair:2:   layout_gridlike, guppyfry_snake_entry_garden, st_stairs_3
Lair:3:   layout_roguey, minmay_swamp_entry_worms, st_stairs_5
Lair:4:   cheibrodos_lair_overgrown_chateau, layout_gridlike,
          portal_ice_cave_rime
IceCv:    ice_cave_hellmonk_azure_passage

Skill      XL: |  1  2  3  4  5  6  7  8  9 10 11 12 13 |
---------------+----------------------------------------+-----
Spellcasting   | 2 3 4 5 7 9 10 | 10.0
Earth Magic    | 3 4 5 8 9 11 13 14 15 | 15.3
Translocations | 1 2 |  2.8
Staves         | 3 |  3.0
Fighting       | 3 5 7 8 |  8.0
Transmutations | 3 7 10 11 12 | 12.0
Conjurations   | 4 9 |  9.7
Hexes          | 8 |  8.3
Throwing       | |  1.2
Dodging        | |  2.4

Action                   |  1- 3 |  4- 6 |  7- 9 | 10-12 | 13-15 || total
-------------------------+-------+-------+-------+-------+-------++-------
Melee: Quarterstaff      |    34 |    62 |    86 |    42 |       ||   224
       Dire flail        |       |       |       |   144 |    24 ||   168
Throw: Dart              |       |       |       |    12 |       ||    12
       Boomerang         |       |       |       |       |     2 ||     2
 Cast: Sandblast         |    19 |    52 |    21 |    84 |    41 ||   217
       Blink             |       |     1 |     3 |     2 |     1 ||     7
       Stone Arrow       |       |       |    72 |   205 |    89 ||   366
       Petrify           |       |       |     1 |     7 |     2 ||    10
       Statue Form       |       |       |       |    13 |       ||    13
       Lee's Rapid Decon |       |       |       |     5 |    17 ||    22
       Fulminant Prism   |       |       |       |       |    11 ||    11
Evoke: Wand              |       |       |       |       |     6 ||     6
  Use: Potion            |       |       |     9 |     2 |     3 ||    14
       Scroll            |       |       |     8 |     8 |     5 ||    21
 Stab: Petrified         |       |       |     3 |     1 |     1 ||     5
Armor: Robe              |    13 |    26 |    56 |    39 |       ||   134
       Skin              |       |       |    50 |   311 |       ||   361
       Troll leather arm |       |       |       |    19 |    39 ||    58
Dodge: Dodged            |    21 |    38 |    89 |   344 |    55 ||   547
Block: Other             |       |       |       |   154 |       ||   154
       Reflection        |       |       |       |     7 |       ||     7

Table legend: (Time is in decaauts)
 A = Elapsed time spent in this place.
 B = Non-inter-level travel time spent in this place.
 C = Inter-level travel time spent in this place.
 D = Time resting spent in this place.
 E = Time spent auto-exploring this place.
 F = Levels seen in this place.
 G = Mean time per level.
                   A        B        C        D        E       F      G
               +--------+--------+--------+--------+--------+-----+--------+
         Total |   8106 |   7749 |    357 |   1753 |   2116 |  18 |  450.3 |
       Dungeon |   6368 |   6094 |    274 |   1340 |   1821 |  12 |  530.7 |
        Temple |    270 |    246 |     24 |    189 |     48 |   1 |  270.0 |
          Lair |   1294 |   1236 |     58 |    164 |    238 |   4 |  323.5 |
      Ice Cave |    173 |    173 |      0 |     60 |      9 |   1 |  173.0 |
               +--------+--------+--------+--------+--------+-----+--------+

Top non-repeatable levels by time:
    D:10: 1146 daAuts
     D:9: 1137 daAuts
     D:3: 679 daAuts
     D:8: 606 daAuts
  Lair:1: 516 daAuts
    D:11: 451 daAuts
     D:7: 430 daAuts
     D:2: 416 daAuts
  Lair:2: 396 daAuts
     D:5: 391 daAuts
     D:6: 379 daAuts
  Lair:3: 323 daAuts
     D:4: 307 daAuts
  Temple: 270 daAuts
    D:12: 255 daAuts
